 Dungeon Crawl Stone Soup version 0.29.1-2-gbd0b4ee654 (webtiles) character file.

Game seed: 5773363708087055539

3798 Tirrikindir the Carver (level 10, 0/65 HPs)
             Began as an Octopode Fighter on Nov 8, 2022.
             Was a High Priest of Cheibriados.
             Slain by a troll (8 damage)
             ... on level 8 of the Dungeon.
             The game lasted 00:17:05 (7512 turns).

Tirrikindir the Carver (Octopode Fighter)           Turns: 7512, Time: 00:17:05

Health: 0/65       AC:  3    Str: 27    XL:     10   Next: 17%
Magic:  9/13       EV: 16    Int: 25    God:    Cheibriados [*****.]
Gold:   329        SH:  7    Dex: 26    Spells: 10/10 levels left

rFire   . . .      SeeInvis .   a - +2 long sword
rCold   . . .      Faith    .   b - +0 buckler
rNeg    . . .      Spirit   .   f - +2 hat
rPois   .          Reflect  .   (no amulet)
rElec   .          Harm     .   (no ring)
rCorr   .          Rampage  .   (no ring)
Will    .....                   (no ring)
Stlth   +++++.....              (no ring)
HPRegen 0.20/turn               (no ring)
MPRegen 0.13/turn               (no ring)
                                (no ring)
                                (no ring)

@: mighty, studying Poison Magic, invisible, very slow
A: almost no armour, amphibious, 8 rings, camouflage 1, gelatinous body 1,
(nimble swimmer 1), tentacles
a: Renounce Religion, Bend Time, Temporal Distortion, Slouch, Step From Time


You were on level 8 of the Dungeon.
You worshipped Cheibriados.
Cheibriados was extremely pleased with you.
You visited 2 branches of the dungeon, and saw 9 of its levels.

You collected 329 gold pieces.

Inventory:

Hand Weapons
 a - a +2 long sword (weapon)
 u - a +4 war axe
 y - the +5 whip of Noymeyxoym {flame, Int+4 Stlth+}
   (You found it on level 5 of the Dungeon)

   It burns those it strikes, dealing additional fire damage.
   Int:       It affects your intelligence (+4).
   Stlth:     It makes you more stealthy.
Armour
 b - a +0 buckler (worn)
 f - a +2 hat (worn)
Jewellery
 F - a ring of wizardry
Wands
 p - a wand of light (18)
 x - a wand of paralysis (3)
 G - a wand of polymorph (3)
Scrolls
 i - 3 scrolls of magic mapping
 j - a scroll of blinking
 l - 2 scrolls of brand weapon {unknown}
 m - 3 scrolls of teleportation
 n - 2 scrolls of vulnerability {unknown}
 q - a scroll of fear {unknown}
 s - a scroll of silence {unknown}
 v - a scroll of butterflies {unknown}
 z - a scroll of amnesia {unknown}
 D - a scroll of enchant armour {unknown}
 E - a scroll of immolation {unknown}
 H - a scroll of noise {unknown}
Potions
 c - 3 potions of might
 g - 2 potions of magic
 h - a potion of haste
 r - a potion of ambrosia {unknown}
 t - a potion of mutation {unknown}
 A - a potion of degeneration {unknown}
 B - 2 potions of heal wounds {unknown}


   Skills:
 * Level 4.5 Fighting
 * Level 10.2 Long Blades
 + Level 2.4 Throwing
 * Level 4.5 Dodging
 + Level 6.3 Stealth
 * Level 4.5 Shields
 + Level 0.9 Spellcasting
 + Level 2.1 Poison Magic
 + Level 5.3 Invocations
 + Level 3.3 Evocations


You had 10 spell levels left.
You didn't know any spells.
Your spell library contained the following spells:

 Spells                   Type           Power      Damage    Failure   Level
 Apportation              Tloc           2%         N/A       16%         1
 Foxfire                  Conj/Fire      4%         2x1d4     16%         1
 Necrotise                Necr           4%         1d4       16%         1
 Slow                     Hex            4%         N/A       16%         1
 Summon Small Mammal      Summ           4%         N/A       16%         1
 Scorch                   Fire           2%         2d5       24%         2
 Confusing Touch          Hex            1%         N/A       43%         3
 Conjure Flame            Conj/Fire      1%         6-21      43%         3
 Gell's Gravitas          Tloc           1%         N/A       43%         3
 Inner Flame              Hex/Fire       1%         N/A       43%         3
 Lesser Beckoning         Tloc           1%         N/A       43%         3
 Ozocubu's Armour         Ice            1%         N/A       43%         3
 Teleport Other           Tloc           1%         N/A       43%         3
 Vampiric Draining        Necr           1%         2d6       43%         3
 Animate Dead             Necr           1%         N/A       85%         4
 Flame Wave               Conj/Fire      1%         2d4       85%         4
 Borgnjor's Vile Clutch   Necr/Erth      0%         N/A       99%         5
 Metabolic Englaciation   Hex/Ice        0%         N/A       99%         5
 Death Channel            Necr           0%         N/A       100%        6
 Simulacrum               Ice/Necr       0%         N/A       100%        6
 Summon Cactus Giant      Summ           0%         N/A       100%        6


Dungeon Overview and Level Annotations

Branches:
Dungeon (8/15)             Temple (1/1) D:4
   Lair: D:8-11

Altars:
Ashenzari
Cheibriados
Dithmenos
Elyvilon
Fedhas
Gozag
Hepliaklqana
Kikubaaqudgha
Makhleb
Nemelex Xobeh
Okawaru
Qazlal
Ru
Sif Muna
Trog
Uskayaw
Vehumet
Wu Jian
Xom
Yredelemnul
Zin
The Shining One


Innate Abilities, Weirdness & Mutations

You cannot wear most types of armour.
You are amphibious.
You can wear up to eight rings at the same time.
Your skin changes colour to match your surroundings (Stealth+).
Your rubbery body absorbs attacks. (AC +1, EV +1)
((You are camouflaged when in or above water. (Stealth+)))
You have tentacles for arms and can constrict up to eight enemies at once.


Message History

The yak gores you!
You slice the yak!!
You kill the yak!
Cheibriados thoroughly appreciates the change of pace.
Cheibriados raises the support of your attributes as your movement slows.
The bullfrog looks more healthy.
You closely miss the wight. You grab the wight. You constrict the wight.
The wight misses you.
You slice the wight!!
You destroy the wight!
Cheibriados appreciates the change of pace.
The orc priest calls down the wrath of Beogh upon you.
Beogh smites you!
* * * LOW HITPOINT WARNING * * *
The bullfrog hits you.
* * * LOW HITPOINT WARNING * * *
Your Poison Magic skill increases to level 2!
Okay, then.
Activating: Slouch (17% risk of failure)
Press: ? - help, Dir - look around, f - activate You can feel time thicken for a moment.
You kill the bullfrog!
Cheibriados thoroughly appreciates the change of pace.
You kill the orc priest!
Cheibriados thoroughly appreciates the change of pace.
Cheibriados lowers the support of your attributes as your movement quickens.
You slash the sky beast!
You kill the sky beast!
Cheibriados appreciates the change of pace.
You feel better.
You fade into invisibility!
The troll closely misses you. x2; The troll completely misses you.
The troll bites you but does no damage. The troll misses you.
The troll claws you.
* * * LOW HITPOINT WARNING * * *
The troll closely misses you. The troll barely misses you.
The troll closely misses you.
There is an open door here.
The troll closely misses you. The troll claws you!
You die...

#............<...............
#..##########.....#....####
#).#..........#...#.#)..#
#..#....#####.#...#.#.#.#
#..#..........#...#.#.#...
#...#####.#####...#.#.# ....
#..##=TY##....#...#.#.# #####
##.#!.!z(#.##.#...#....
#.#(/).(#...@....###..
#.#)./$$#.#T#..#.# #..
#.##.$)'###.##.# #..
#)'.!.#.# #.. +###.## # ###


You could see a troll (unable to see you).

Vanquished Creatures
  Pikel (D:5)
  Joseph (D:8)
  A troll (D:7)
  A wyvern (D:8)
  A yak (D:8)
  2 water moccasins
  An ice beast (D:5)
  2 sky beasts
  2 ogres
  An orc warrior (D:7)
  2 black bears (D:5)
  2 centaurs (D:7)
  A lemure (D:5)
  2 bullfrogs
  A gnoll sergeant (D:7)
  2 wights
  3 scorpions
  A howler monkey (D:4)
  3 orc priests
  A jelly (D:7)
  2 gnoll boudas
  5 hounds
  Natasha (thrice) (D:4)
  Terence (D:3)
  3 iguanas
  5 orc wizards
  9 adders
  8 gnolls
  4 white imps
  An ufetubus (D:6)
  4 worms
  8 dart slugs
  25 orcs
  7 ball pythons
  5 bats (D:1)
  4 endoplasms
  3 giant cockroaches
  9 goblins
  5 hobgoblins
  4 jackals (D:4)
  4 kobolds
  4 quokkas
  A frilled lizard (D:1)
  7 rats
162 creatures vanquished.

Vanquished Creatures (others)
  5 fungi (D:1)
  39 plants (D:5)
44 creatures vanquished.

Grand Total: 206 creatures vanquished

Notes
Turn   | Place    | Note
-------+----------+-------------------------------------------
     0 | D:1      | Tirrikindir the Octopode Fighter began the quest for the
                  | Orb.
     0 | D:1      | Reached XP level 1. HP: 16/16 MP: 1/1
   175 | D:1      | Found a faded altar of an unknown god.
   182 | D:1      | Prayed at the altar of an unknown god.
   182 | D:1      | Became a worshipper of Cheibriados the Contemplative
   182 | D:1      | Reached * piety under Cheibriados
   185 | D:1      | Reached XP level 2. HP: 21/21 MP: 2/2
   218 | D:1      | Reached skill level 1 in Stealth
   521 | D:1      | Reached XP level 3. HP: 26/26 MP: 3/3
   551 | D:1      | Reached ** piety under Cheibriados
  1442 | D:2      | Reached XP level 4. HP: 31/31 MP: 4/4
  1603 | D:3      | Noticed Terence
  1607 | D:3      | Killed Terence
  1608 | D:3      | Reached skill level 3 in Long Blades
  1608 | D:3      | Reached skill level 1 in Invocations
  1797 | D:3      | Reached XP level 5. HP: 35/36 MP: 5/5
  1922 | D:3      | Reached *** piety under Cheibriados
  1942 | D:3      | Found an opulent altar of Gozag.
  2107 | D:3      | Reached XP level 6. HP: 40/43 MP: 7/7
  2470 | D:4      | Noticed Natasha
  2473 | D:4      | Killed Natasha
  2507 | D:4      | Noticed Natasha
  2512 | D:4      | Killed Natasha
  2517 | D:4      | Reached **** piety under Cheibriados
  2619 | D:4      | Reached skill level 4 in Long Blades
  2714 | D:4      | Reached XP level 7. HP: 32/48 MP: 8/8
  2877 | D:4      | Found a staircase to the Ecumenical Temple.
  2889 | Temple   | Entered the Ecumenical Temple
  3156 | D:4      | Noticed Natasha
  3163 | D:4      | Killed Natasha
  3480 | D:5      | Entered Level 5 of the Dungeon
  3490 | D:5      | Reached skill level 5 in Long Blades
  3525 | D:5      | Reached skill level 1 in Evocations
  3691 | D:5      | Reached XP level 8. HP: 54/54 MP: 10/10
  3707 | D:5      | Reached skill level 5 in Stealth
  3953 | D:5      | Noticed Pikel
  3954 | D:5      | Identified the +6 mace "Boakues" {venom, Contam rElec Int+8
                  | SInv}
  3970 | D:5      | Killed Pikel
  3971 | D:5      | Reached skill level 6 in Long Blades
  4072 | D:5      | Identified the +5 whip of Noymeyxoym {flame, Int+4 Stlth+}
  4210 | D:5      | Reached skill level 7 in Long Blades
  4212 | D:5      | Reached ***** piety under Cheibriados
  4514 | D:5      | Reached skill level 5 in Invocations
  4514 | D:5      | Reached XP level 9. HP: 42/58 MP: 12/12
  4746 | D:5      | Reached skill level 8 in Long Blades
  5650 | D:7      | Reached skill level 1 in Throwing
  5659 | D:7      | Noticed a troll
  5683 | D:7      | Killed a troll
  5684 | D:7      | Reached skill level 9 in Long Blades
  6743 | D:7      | Reached skill level 10 in Long Blades
  7212 | D:8      | Noticed Joseph
  7220 | D:8      | Killed Joseph
  7221 | D:8      | Reached skill level 1 in Poison Magic
  7221 | D:8      | Reached XP level 10. HP: 24/64 MP: 13/13
  7512 | D:8      | Slain by a troll

Illustrated notes

Levels and vault maps discovered:
D:1:      scummos_arrival_checkerplants, layout_basic,
          ebering_ecumenical_altar_abandoned, minmay_misc_feat_plants,
          minmay_misc_feat_five
D:2:      layout_basic
D:3:      layout_loops_cross, lemuel_doored_altar, cheibrodos_gnoll_hut,
          uniq_terence
D:4:      kennysheep_slugbush, layout_rooms, minmay_temple_entry_hall,
          uniq_natasha
D:5:      layout_loops_corners, serial_bayou, serial_bayou_pond_b,
          serial_bayou_crossing, serial_bayou_pond_e, serial_bayou_lagoon_a,
          serial_bayou_pond_e, serial_bayou_shore_a, grunt_ministairs_10,
          nicolae_kite_square_tiling_tiny, uniq_pikel
D:6:      layout_basic, chequers_arboretum
D:7:      layout_cave_pools, minmay_manual_mess
D:8:      layout_basic, minmay_joined_circles, uniq_maggie, uniq_joseph
Temple:   nicolae_temple_the_god_donut

Skill      XL: |  1  2  3  4  5  6  7  8  9 10 |
---------------+-------------------------------+-----
Stealth        | 1 2 3 4 6 |  6.3
Long Blades    | 3 4 5 7 10 | 10.2
Invocations    | 1 2 3 5 |  5.3
Shields        | 4 |  4.5
Dodging        | 4 |  4.5
Fighting       | 4 |  4.5
Evocations     | 1 3 |  3.3
Throwing       | 2 |  2.4
Poison Magic   | 1 2 |  2.1
Spellcasting   | |  0.9

Action                   |  1- 3 |  4- 6 |  7- 9 | 10-12 || total
-------------------------+-------+-------+-------+-------++-------
Melee: Long sword        |    54 |    79 |   159 |    12 ||   304
       Constrict         |    14 |    36 |    47 |     1 ||    98
       Tentacles         |     8 |    24 |    57 |     2 ||    91
       Punch             |       |     1 |     1 |       ||     2
Throw: Dart              |       |       |       |     2 ||     2
Invok: Slouch            |       |       |     1 |     1 ||     2
Evoke: Wand              |       |       |     1 |       ||     1
  Use: Scroll            |     3 |     1 |     1 |     5 ||    10
       Potion            |       |       |     3 |     3 ||     6
 Stab: Sleeping          |    12 |     7 |    10 |     1 ||    30
       Distracted        |       |     1 |       |       ||     1
       Paralysed         |       |       |     1 |       ||     1
Armor: Skin              |     8 |    10 |    19 |     1 ||    38
Dodge: Dodged            |    42 |    56 |   125 |    11 ||   234
Block: Buckler           |    10 |    23 |    59 |       ||    92
